 Dungeon Crawl Stone Soup version 0.26.1-11-gd32895ea62 (webtiles) character file.

Game seed: 10491163342654599928

863 vvl the Tainter (level 8, -3/27 (46) HPs)
             Began as an Octopode Venom Mage on July 14, 2021.
             Was a Follower of Makhleb.
             Slain by an ogre
             ... wielding a +0 giant club
              (30 damage)
             ... on level 5 of the Dungeon.
             The game lasted 00:19:06 (6676 turns).

vvl the Tainter (Octopode Venom Mage)               Turns: 6676, Time: 00:19:07

HP:   -3/27 (46)    AC:  1    Str: 10    XL:     8   Next: 3%
MP:   3/14          EV: 13    Int: 17    God:    Makhleb [*.....]
Gold: 125           SH:  0    Dex: 12    Spells: 8/16 levels left

rFire    . . .     SeeInvis .   d - +0 dagger (venom)
rCold    . . .     Faith    .   (no shield)
rNeg     . . .     Spirit   .   (helmet restricted)
rPois    +         Reflect  .   (no amulet)
rElec    .         Harm     .   (no ring)
rCorr    .         Rampage  .   (no ring)
Will     .....     Clarity  +   (no ring)
Stlth    +++.......             (no ring)
HPRegen  0.09/turn              (no ring)
MPRegen  0.14/turn              (no ring)
                                (no ring)
                                (no ring)

@: very slightly contaminated, very heavily drained
A: almost no armour, stealthy swim, amphibious, 8 rings, constrict 8, camouflage
1, clarity, poison resistance, gelatinous body 1
a: Renounce Religion


You were on level 5 of the Dungeon.
You worshipped Makhleb.
Makhleb was aware of your devotion.
You visited 2 branches of the dungeon, and saw 6 of its levels.
You also visited: Ossuary.

You collected 125 gold pieces.

Inventory:

Hand Weapons
 d - a +0 dagger of venom (weapon)
Jewellery
 l - an uncursed ring of fire
Scrolls
 f - 2 scrolls of amnesia {unknown}
 g - 3 scrolls of enchant weapon {unknown}
 h - a scroll of remove curse {unknown}
 j - 2 scrolls of fear
 k - a scroll of blinking {unknown}
 q - a scroll of fog
 r - a scroll of acquirement {unknown}
 t - a scroll of noise {unknown}
Potions
 b - 3 potions of haste
 i - 2 potions of brilliance
 m - a potion of magic
 n - a potion of resistance
 o - a potion of flight
 s - 2 potions of berserk rage


   Skills:
 - Level 2.0 Dodging
 + Level 3.3 Stealth
 + Level 4.6 Spellcasting
 - Level 2.0 Necromancy
 + Level 2.8 Transmutations
 + Level 8.0 Poison Magic
 + Level 1.3 Invocations
 + Level 1.2 Evocations


You had 8 spell levels left.
You knew the following spells:

 Your Spells              Type           Power        Failure   Level
a - Sting                 Tmut/Pois      88%          1%          1
b - Olgreb's Toxic Radia  Pois           31%          5%          4
c - Ignite Poison         Fire/Tmut/Pois 16%          10%         3

Your spell library contained the following spells:

 Spells                   Type           Power        Failure   Level
 Poisonous Vapours        Pois/Air       34%          4%          2
 Mephitic Cloud           Conj/Pois/Air  13%          16%         3


Dungeon Overview and Level Annotations

Branches:
Dungeon (5/15)             Temple (1/1) D:4         Ossuary (visited)

Altars:
Ashenzari
Cheibriados
Dithmenos
Elyvilon
Fedhas
Gozag
Hepliaklqana
Kikubaaqudgha
Makhleb
Nemelex Xobeh
Qazlal
Ru
Uskayaw
Vehumet
Wu Jian
Xom
Yredelemnul
The Shining One

Shops:
D:4 (

Annotations:
D:3 3 runed translucent doors, zuma992's ghost, amateur DsAK


Innate Abilities, Weirdness & Mutations

You cannot wear most types of armour.
You are very stealthy in the water. (Stealth+)
You are amphibious.
You can wear up to eight rings at the same time.
You can use your tentacles to constrict eight enemies at once.
Your skin changes colour to match your surroundings (Stealth+).
Your rubbery body absorbs attacks. (AC +1, EV +1)
You possess an exceptional clarity of mind.
Your system is resistant to poisons. (rPois)


Message History

Confirm with . or Enter, or press ? or * to list all spells.
The spell is quite dangerous to cast (5% risk of failure)!
Continue anyway?
You begin to radiate toxic energy.
The ogre shouts!
The ogre is poisoned.
The sting hits the ogre.
The ogre looks even sicker.
The ogre is moderately wounded.
Your toxic aura wanes.
Your magical contamination has completely faded away.
Casting: Sting (safe; 1% risk of failure)
Confirm with . or Enter, or press ? or * to list all spells.
The spell is quite dangerous to cast (10% risk of failure)!
Continue anyway?
You miscast Ignite Poison.
You are very lightly contaminated with residual magic.
Nothing appears to happen.
You hit the ogre.
The ogre looks as sick as possible!
The ogre is severely wounded.
The ogre hits you with a +0 giant club!!
Ouch! That really hurt!
You die...

#.# #.##..........#
#.##..........#
#.##..........# ##
#.##(.........# .
#.##...?......# #.
#.#...........#
...##.##.#.#......#
............O@....#
###+###.###'###..##
##...##.##..## ###
##.....###...######.....
#.......#.......†.......
#..###'###................
##. #.##.................
# ###..#)..............
..######...........


You could see an ogre (extremely poisoned).

Vanquished Creatures
  Sigmund (D:3)
  A centaur (D:3)
  2 howler monkeys (D:4)
  A hound (D:4)
  2 orc wizards (D:4)
  A bullfrog skeleton (D:4)
  An orc priest (D:4)
  An iguana (D:4)
  A worker ant (D:4)
  6 big kobold zombies (Ossuary)
  A hound skeleton (D:4)
  2 mummies
  3 gnolls (D:4)
  5 adders
  2 oozes (D:2)
  A worm (D:4)
  2 dart slugs
  3 leopard geckos (D:1)
  15 orcs
  3 spectral bats (Ossuary)
  4 bats
  6 gnoll zombies (Ossuary)
  3 goblins (D:1)
  7 hobgoblins
  5 kobolds
  A quokka (D:5)
  4 bat simulacra (Ossuary)
  5 frilled lizards
  2 goblin simulacra (Ossuary)
  5 goblin zombies (Ossuary)
  3 hobgoblin zombies (Ossuary)
  4 kobold simulacra (Ossuary)
  7 kobold zombies
  4 orc zombies (Ossuary)
  5 rats
  3 rat simulacra (Ossuary)
  4 spectral goblins (Ossuary)
  3 spectral kobolds (Ossuary)
  4 spectral rats (Ossuary)
133 creatures vanquished.

Vanquished Creatures (others)
  2 plants (D:3)
2 creatures vanquished.

Grand Total: 135 creatures vanquished

Notes
Turn   | Place    | Note
-------+----------+-------------------------------------------
     0 | D:1      | vvl the Octopode Venom Mage began the quest for the Orb.
     0 | D:1      | Reached XP level 1. HP: 11/11 MP: 3/3
    70 | D:1      | You fall into a shaft and drop 1 floor!
   129 | D:1      | Reached skill level 4 in Poison Magic
   131 | D:1      | Reached XP level 2. HP: 16/17 MP: 0/5
   406 | D:1      | Found a glowing golden altar of the Shining One.
   736 | D:1      | Reached XP level 3. HP: 18/21 MP: 1/6
  1497 | D:2      | Found a blossoming altar of Fedhas.
  1622 | D:2      | Reached skill level 5 in Poison Magic
  1820 | D:2      | Reached XP level 4. HP: 25/27 MP: 3/8
  2549 | D:3      | Noticed Sigmund
  2557 | D:2      | Learned a level 4 spell: Olgreb's Toxic Radiance
  2561 | D:2      | Learned a level 3 spell: Ignite Poison
  2566 | D:3      | Killed Sigmund
  2567 | D:3      | Reached skill level 6 in Poison Magic
  2567 | D:3      | Reached XP level 5. HP: 31/31 MP: 0/10
  2567 | D:3      | Reached XP level 6. HP: 36/36 MP: 0/11
  2755 | D:3      | Reached skill level 7 in Poison Magic
  3052 | D:3      | Found a blossoming altar of Fedhas.
  3164 | D:3      | Noticed zuma992's ghost (amateur DsAK)
  3198 | D:3      | Found a runed translucent gate.
  3198 | D:3      | Found a runed translucent gate.
  3198 | D:3      | Found a runed translucent gate.
  3631 | D:4      | Found a staircase to the Ecumenical Temple.
  3637 | D:4      | Found Kudirch's Weapon Shoppe.
  3656 | D:4      | Reached skill level 1 in Necromancy
  3656 | D:4      | Reached XP level 7. HP: 26/41 MP: 3/13
  4127 | Temple   | Entered the Ecumenical Temple
  4522 | Temple   | Became a worshipper of Makhleb the Destroyer
  4703 | D:4      | Found a basalt altar of Yredelemnul.
  4703 | D:4      | Found a radiant altar of Vehumet.
  5114 | D:4      | Found an ancient bone altar of Kikubaaqudgha.
  5138 | D:5      | Entered Level 5 of the Dungeon
  5164 | D:5      | Found a sand-covered staircase.
  5283 | Ossuary  | Entered an ossuary
  5910 | Ossuary  | Reached * piety under Makhleb
  5911 | Ossuary  | Reached skill level 8 in Poison Magic
  5911 | Ossuary  | Reached skill level 1 in Invocations
  5911 | Ossuary  | Reached skill level 1 in Evocations
  5975 | Ossuary  | Reached XP level 8. HP: 42/46 MP: 14/14
  6061 | Ossuary  | Gained mutation: Your magical capacity is low. (-10% MP)
                  | [potion of mutation]
  6061 | Ossuary  | Gained mutation: You evolve. [potion of mutation]
  6085 | Ossuary  | Lost mutation: You evolve. [potion of mutation]
  6085 | Ossuary  | Lost mutation: Your magical capacity is low. (-10% MP)
                  | [potion of mutation]
  6085 | Ossuary  | Gained mutation: You tend to lose your temper in combat.
                  | [potion of mutation]
  6085 | Ossuary  | Lost mutation: You tend to lose your temper in combat.
                  | [potion of mutation]
  6085 | Ossuary  | Gained mutation: Your system is resistant to poisons.
                  | (rPois) [potion of mutation]
  6085 | Ossuary  | Gained mutation: You possess an exceptional clarity of
                  | mind. [potion of mutation]
  6676 | D:5      | Slain by an ogre

Illustrated notes

Levels and vault maps discovered:
D:1:      amcnicky_arrival_wind_blow, layout_rooms,
          corexii_item_surrounded_by_moat, tso_metal_star
D:2:      layout_basic, nicolae_overflow_hidden_temple, serial_bayou_crossing
D:3:      layout_loops_cross, gammafunk_ghost_icy, fedhas_altar_1, uniq_sigmund
D:4:      layout_loops_ring, kennysheep_mini_moat,
          chequers_temple_overflow_statue_of_worship, minmay_temple_entry_ruins,
          serial_shops, nicolae_shop_trees
D:5:      layout_basic, okawaru_gym_becter, nicolae_ossuary_entry_giza
Temple:   minmay_temple_curvy_branch

Skill      XL: |  1  2  3  4  5  6  7 |
---------------+----------------------+-----
Poison Magic   | 4 5 6 7 8 |  8.0
Spellcasting   | 3 4 |  4.6
Necromancy     | 1 2 |  2.0
Transmutations | 2 |  2.8
Stealth        | 3 |  3.3
Invocations    | 1 |  1.3
Evocations     | 1 |  1.2
Dodging        | |  2.0

Action                   |  1- 3 |  4- 6 |  7- 9 || total
-------------------------+-------+-------+-------++-------
Melee: Constrict         |    11 |     9 |    45 ||    65
       Unarmed           |     1 |       |       ||     1
       Dagger            |    34 |    39 |   266 ||   339
       Tentacles         |     6 |     8 |    48 ||    62
 Cast: Sting             |    32 |    13 |     2 ||    47
       Olgreb's Toxic Ra |       |     4 |     6 ||    10
       Ignite Poison     |       |     1 |     3 ||     4
  Use: Potion            |       |       |     9 ||     9
       Scroll            |       |       |     6 ||     6
 Stab: Sleeping          |     1 |     2 |    15 ||    18
       Distracted        |       |       |     1 ||     1
Armor: Skin              |     4 |     3 |    53 ||    60
Dodge: Dodged            |    14 |    42 |   164 ||   220
